 Dungeon Crawl Stone Soup version 0.30-a0-341-g682706514a (webtiles) character file.

Game seed: 15325342065562874715

11 drewk1942 the Magician (level 2, -1/5 (23) HPs)
             Began as a Djinni Reaver on Nov 1, 2022.
             Frozen to death by an endoplasm (6 damage)
             ... on level 1 of the Dungeon.
             The game lasted 00:01:08 (1001 turns).

drewk1942 the Magician (Djinni Reaver)              Turns: 1001, Time: 00:01:08

HP:   -1/5 (23)     AC:  4    Str: 11    XL:     2   Next: 40%
Gold: 10            EV: 11    Int: 14    God:
                    SH:  0    Dex: 11

rFire   + + .      SeeInvis .    a - +0 short sword
rCold   x . .      Faith    .    (no shield)
rNeg    . . .      Spirit   .    b - +0 leather armour
rPois   ∞          Reflect  .    (no helmet)
rElec   .          Harm     .    (no cloak)
rCorr   .          Rampage  .    e - +0 pair of gloves
Will    .....                    (boots unavailable)
Stlth   +.........               (no amulet)
HPRegen 0.20/turn                (no ring)
MPRegen 0.00/turn                (no ring)

@: flying, extremely drained
A: sickness immunity, fire resistance 2, cold vulnerability 1, float, innate
caster, HP casting, extra vitality 1
a: no special abilities


You were on level 1 of the Dungeon.
You visited 1 branch of the dungeon, and saw 1 of its levels.

You collected 10 gold pieces.

Inventory:

Hand Weapons
 a - a +0 short sword (weapon)
Armour
 b - a +0 leather armour (worn)
 e - a +0 pair of gloves (worn)
Scrolls
 c - a scroll of fear {unknown}
 f - a scroll of amnesia {unknown}
Potions
 d - a potion of cancellation {unknown}
 g - a potion of mutation {unknown}


   Skills:
 - Level 2.0 Fighting
 - Level 2.6 Short Blades
 - Level 2.1 Dodging
 + Level 2.9 Spellcasting


You couldn't memorise any spells.
You knew the following spells:

 Your Spells              Type           Power      Damage    Failure   Level
a - Kiss of Death         Conj/Necr      40%        2d8       9%          1
b - Momentum Strike       Conj/Tloc      20%        3d8       13%         2
c - Hailstorm             Conj/Ice       10%        3d5       26%         3
Your spell library was empty.

Dungeon Overview and Level Annotations

Branches:
Dungeon (1/15)

Altars:


Innate Abilities, Weirdness & Mutations

You are immune to sickness and miasma.
You are immune to poison.
Your flesh is very heat resistant. (rF++)
You are vulnerable to cold. (rC-)
You float through the air rather than walking.
You learn spells naturally, not from books.
Your magical power is your life essence.
You have superior vitality. (+4 MHP)


Message History

You see here a rat corpse.
The bat hits you but does no damage. The bat barely misses you.
You see here 10 gold pieces.
You hit the bat.
The bat is moderately wounded.
The bat barely misses you.
You hit the bat.
You kill the bat!
No target in view!
No target in view!
No target in view!
No target in view!
No target in view!
No target in view!
No target in view!
No target in view!
You now have 10 gold pieces.
A frilled lizard comes into view.
The frilled lizard hisses angrily.
A frilled lizard is nearby!
You completely miss the frilled lizard. You hit the frilled lizard.
You kill the frilled lizard!
No target in view!
No target in view!
No target in view!
No target in view!
No target in view!
No target in view!
Found a leather armour.
You see here a frilled lizard corpse.
An endoplasm comes into view.
The endoplasm quivers.
You hit the endoplasm.
The endoplasm is severely wounded.
The endoplasm freezes you.
You are frozen.
You feel a terrible chill!
Ouch! That really hurt!
You die...

##.###.# #..# # #.#
##..# . #.# ....#
####.###.# .##.# ....
#[... ..#.# #..# #.#.#
....# #..# #.#.# ..###
#.†# #.#J# .## #..#
#.#@#
.########..###.#.#
........†..##....##.#
.....#####...†.........
####.# ####...#...... #
#.# ##.####.### # #.#
#... ... # #.# #####
### ####>####


You could see an endoplasm.

Vanquished Creatures
  A ball python (D:1)
  2 bats (D:1)
  An endoplasm (D:1)
  A giant cockroach (D:1)
  A goblin (D:1)
  A hobgoblin (D:1)
  A frilled lizard (D:1)
  2 rats (D:1)
10 creatures vanquished.

Notes
Turn   | Place    | Note
-------+----------+-------------------------------------------
     0 | D:1      | drewk1942 the Djinni Reaver began the quest for the Orb.
     0 | D:1      | drewk1942 set off with the following spells memorised: Kiss
                  | of Death, Momentum Strike, Hailstorm.
     0 | D:1      | Reached XP level 1. HP: 18/18 MP: 0/0
   158 | D:1      | Reached XP level 2. HP: 8/8 MP: 0/0
  1001 | D:1      | Frozen to death by an endoplasm

Illustrated notes

Levels and vault maps discovered:
D:1:      lightli_arrival_quake, layout_loops_ring,
          chequers_serial_rivers_room_a

Action                   || total
-------------------------++-------
Melee: Short sword       ||    10
 Cast: Kiss of Death     ||     6
Armor: Leather armour    ||     3
Dodge: Dodged            ||     9

Table legend: (Time is in decaauts)
 A = Elapsed time spent in this place.
 B = Non-inter-level travel time spent in this place.
 C = Inter-level travel time spent in this place.
 D = Time resting spent in this place.
 E = Time spent auto-exploring this place.
 F = Levels seen in this place.
 G = Mean time per level.
                   A        B        C        D        E       F      G
               +--------+--------+--------+--------+--------+-----+--------+
         Total |    999 |    995 |      4 |    794 |    137 |   1 |  999.0 |
       Dungeon |    999 |    995 |      4 |    794 |    137 |   1 |  999.0 |
               +--------+--------+--------+--------+--------+-----+--------+

Top non-repeatable levels by time:
     D:1: 999 daAuts
